 Dungeon Crawl Stone Soup version 0.29.1-1-gd02db6906a (webtiles) character file.

Game seed: 2609946803863086423

4906 cattimeplz the Bludgeoner (level 11, -5/95 HPs)
             Began as a Meteoran Fighter on Sept 19, 2022.
             Was a High Priest of Okawaru.
             Slain by a wraith (9 damage)
             ... on level 9 of the Dungeon.
             The game lasted 00:14:31 (5614 turns).

cattimeplz the Bludgeoner (Meteoran Fighter)        Turns: 5614, Time: 00:14:32

Health: -5/95      AC: 12    Str: 21    XL:     11   Next: 7%
Magic:  21/21      EV:  9    Int: 11    God:    Okawaru [*****.]
Gold:   378        SH:  5    Dex: 19    Spells: 10/10 levels left

rFire   + . .      SeeInvis .   r - +11 whip of the Charming Messenger {flame, Will+ rCorr Int+3}
rCold   + . .      Faith    .   c - +0 buckler
rNeg    . . .      Spirit   .   b - +0 scale mail
rPois   +          Reflect  .   (no helmet)
rElec   +          Harm     .   (no cloak)
rCorr   +          Rampage  .   (no gloves)
Will    ++...                   (no boots)
Stlth   ..........              (no amulet)
HPRegen 0.25/turn               w - +4 ring of protection
MPRegen 0.17/turn               x - ring of magical power

@: about to teleport, resistant, glowing
A: sense surroundings 2, otherworldly, glowing, explore regen, iridescent scales
1, agile 1
a: Renounce Religion, Heroism, Finesse, Duel


You were on level 9 of the Dungeon.
You worshipped Okawaru.
Okawaru was extremely pleased with you.
You visited 2 branches of the dungeon, and saw 11 of its levels.

You collected 378 gold pieces.

Inventory:

Hand Weapons
 a - a +0 flail
 m - a +2 whip of freezing
 n - a +2 whip of electrocution
 r - the +11 whip of the Charming Messenger (weapon) {flame, Will+ rCorr Int+3}
   (You found it on level 4 of the Dungeon)

   It burns those it strikes, dealing additional fire damage.
   Int:       It affects your intelligence (+3).
   rCorr:     It protects you from acid and corrosion.
   Will:      It increases your willpower.
Missiles
 u - 2 throwing nets (quivered)
Armour
 b - a +0 scale mail (worn)
 c - a +0 buckler (worn)
Jewellery
 w - a +4 ring of protection (left hand)
 x - a ring of magical power (right hand)
 z - a +6 ring of dexterity
Wands
 F - a wand of iceblast (1)
Scrolls
 e - 5 scrolls of identify
 l - a scroll of fear {unknown}
 q - 2 scrolls of torment {unknown}
 s - a scroll of enchant armour {unknown}
 t - a scroll of butterflies {unknown}
 y - a scroll of acquirement {unknown}
 A - 2 scrolls of immolation {unknown}
 B - a scroll of enchant weapon {unknown}
 C - a scroll of magic mapping {unknown}
 G - 2 scrolls of noise {unknown}
Potions
 d - 2 potions of might
 g - 2 potions of mutation
 h - 3 potions of degeneration
 j - a potion of heal wounds {unknown}
 k - a potion of magic


   Skills:
 * Level 8.5 Fighting
 + Level 17.1 Maces & Flails
 - Level 3.6 Armour
 - Level 3.6 Shields


You had 10 spell levels left.
You didn't know any spells.
Your spell library contained the following spells:

 Spells                   Type           Power      Damage    Failure   Level
 Beastly Appendage        Tmut           0%         N/A       77%         1
 Freeze                   Ice            0%         1d3       77%         1
 Poisonous Vapours        Pois/Air       0%         N/A       88%         2
 Wereblood                Tmut           0%         N/A       88%         2
 Conjure Flame            Conj/Fire      0%         6-21      98%         3
 Ignite Poison            Fire/Tmut/Pois 0%         N/A       98%         3
 Spider Form              Tmut/Pois      0%         N/A       98%         3
 Corpse Rot               Necr/Pois/Air  0%         N/A       100%        4
 Sticky Flame             Conj/Fire      0%         2d3       100%        4
 Borgnjor's Vile Clutch   Necr/Erth      0%         N/A       100%        5
 Animate Dead             Necr           Unusable   N/A       N/A         4
 Death Channel            Necr           Unusable   N/A       N/A         6

Dungeon Overview and Level Annotations

Branches:
Dungeon (10/15) Zot: 906   Temple (1/1) D:4 Zot: 570    Lair (0/5) D:9
    Orc: D:9-12

Altars:
Ashenzari
Cheibriados
Elyvilon
Fedhas
Gozag
Hepliaklqana
Makhleb
Nemelex Xobeh
Okawaru
Qazlal
Sif Muna
Trog
Uskayaw
Wu Jian
Yredelemnul

Shops:
D:2 (

Annotations:
D:8 Grum


Innate Abilities, Weirdness & Mutations

You passively map the area around you.
You are easily found by Zot.
You glow in the dark.
You regain HP and MP as you explore.
You are partially covered in iridescent scales. (AC +2)
You are agile. (Dex +4, Str/Int -1)


Message History

The small abomination attacks as you move away!
The small abomination hits you.
* * * LOW HITPOINT WARNING * * *
Your surroundings suddenly seem different.
The large abomination is attracted toward you.
The large abomination is attracted toward you.
The large abomination is attracted toward you.
You are starting to lose your buoyancy.
The large abomination is attracted toward you.
The large abomination is attracted toward you.
What are your orders? t - Shout!
Orders for allies: a - Attack new target. r - Retreat! s - Stop attacking. g - Guard the area. f - Follow me.
Anything else - Cancel.
Okay, then.
You float gracefully downwards.
The large abomination hits you.
* * * LOW HITPOINT WARNING * * *
There is a stone staircase leading down here.
The large abomination hits you but does no damage.
You climb downwards.
Found 13 gold pieces.
There is a stone staircase leading up here.
The large abomination barely misses you.
The wraith hits you.
* * * LOW HITPOINT WARNING * * *
You climb upwards.
There is a stone staircase leading down here.
As you read the scroll of teleportation, it crumbles to dust.
You feel strangely unstable. The wraith hits you but does no damage.
The wraith attacks as you move away! The wraith hits you.
* * * LOW HITPOINT WARNING * * *
The large abomination barely misses you.
You feel less attractive to monsters. The large abomination hits you!!
* * * LOW HITPOINT WARNING * * *
The wraith hits you!
You die...

.......# #.# #
.#####.##########.###############
.# #...........................
.# #.#########.......#####.....
)# #.# #.......# #..... .#####.#
#.......# #..... .......#
#.......# #.....
.......#########.X>....#####.....
................@W...............
.......#####.###############.....
.......# #.# #.#### .......# #.#
#.# .......# #.# #.# .......# #.#
#.# .#####.#####.#######* #.# #
.# #.............. ,,,... # .#
#.#############*** * ###* #


You could see a large abomination and a wraith.

Vanquished Creatures
  A wizard (D:9)
  A gargoyle (D:9)
  A hornet (D:9)
  A wyvern (D:8)
  6 yaks (D:9)
  A steam dragon (D:7)
  2 ice beasts
  2 sky beasts (D:7)
  An orc warrior (D:5)
  3 ogres
  A wolf (D:8)
  2 centaurs
  4 phantoms
  A kobold brigand (D:8)
  2 necrophages (D:6)
  3 gnoll sergeants
  2 bullfrogs
  6 wights (D:8)
  A jelly (D:4)
  A hound (D:4)
  A gnoll bouda (D:7)
  2 orc priests
  5 iguanas
  8 orc wizards
  12 gnolls
  5 adders
  3 shadow imps
  2 white imps
  2 worms
  A dart slug (D:4)
  13 orcs
  7 ball pythons
  8 endoplasms
  3 giant cockroaches
  8 goblins
  3 hobgoblins
  8 jackals
  3 quokkas
  11 bats
  10 frilled lizards
  14 kobolds
  4 rats
175 creatures vanquished.

Vanquished Creatures (others)
  12 plants (D:4)
12 creatures vanquished.

Grand Total: 187 creatures vanquished

Notes
Turn   | Place    | Note
-------+----------+-------------------------------------------
     0 | D:1      | cattimeplz the Meteoran Fighter began the quest for the
                  | Orb.
     0 | D:1      | Reached XP level 1. HP: 19/19 MP: 2/2
    17 | D:1      | Reached skill level 3 in Maces & Flails
    23 | D:1      | Reached XP level 2. HP: 11/26 MP: 3/3
    24 | D:1      | Found a faded altar of an unknown god.
   349 | D:1      | Reached skill level 4 in Maces & Flails
   403 | D:1      | Reached XP level 3. HP: 31/31 MP: 4/4
   484 | D:1      | Glimpsed the power of Zot.
   532 | D:1      | Glimpsed the power of Zot.
   570 | D:1      | Glimpsed the power of Zot.
   580 | D:1      | Touched by the power of Zot.
   678 | D:1      | Glimpsed the power of Zot.
   727 | D:1      | Glimpsed the power of Zot.
   743 | D:2      | Reached skill level 5 in Maces & Flails
   772 | D:2      | Reached XP level 4. HP: 20/28 MP: 5/5
   888 | D:2      | Found Exoov's Antique Weapon Boutique.
  1195 | D:3      | Found a hide-covered altar of Uskayaw.
  1214 | D:3      | Reached skill level 6 in Maces & Flails
  1214 | D:3      | Reached XP level 5. HP: 33/37 MP: 6/6
  1507 | D:3      | Found a blossoming altar of Fedhas.
  1582 | D:3      | Found a hazy altar of Hepliaklqana.
  1832 | D:4      | Noticed a phantom
  1834 | D:4      | Noticed a phantom
  1855 | D:3      | Killed a phantom
  1856 | D:3      | Reached skill level 7 in Maces & Flails
  1856 | D:3      | Reached XP level 6. HP: 36/51 MP: 7/7
  1978 | D:4      | Reached skill level 8 in Maces & Flails
  2051 | D:4      | Identified the +11 whip of the Charming Messenger {flame,
                  | Will+ rCorr Int+3}
  2121 | D:4      | Found a staircase to the Ecumenical Temple.
  2128 | D:4      | Reached XP level 7. HP: 53/57 MP: 8/8
  2170 | Temple   | Entered the Ecumenical Temple
  2191 | Temple   | Became a worshipper of Warmaster Okawaru
  2248 | D:4      | Reached skill level 9 in Maces & Flails
  2492 | D:4      | Glimpsed the power of Zot.
  2542 | D:4      | Glimpsed the power of Zot.
  2551 | D:5      | Entered Level 5 of the Dungeon
  2694 | D:5      | Reached skill level 10 in Maces & Flails
  2733 | D:5      | Reached XP level 8. HP: 63/63 MP: 9/9
  2763 | D:5      | Reached * piety under Okawaru
  2767 | D:5      | Reached skill level 11 in Maces & Flails
  2890 | D:5      | Found a shimmering blue altar of Sif Muna.
  2905 | D:5      | Got Sif Muna's Incunabulum of the Chill
  2910 | D:5      | Found a bloodstained altar of Trog.
  3107 | D:5      | Glimpsed the power of Zot.
  3157 | D:5      | Glimpsed the power of Zot.
  3181 | D:6      | Reached skill level 12 in Maces & Flails
  3184 | D:6      | Reached ** piety under Okawaru
  3274 | D:6      | Reached skill level 13 in Maces & Flails
  3274 | D:6      | Gained mutation: You passively map the area around you.
                  | [Meteoran growth]
  3274 | D:6      | Reached XP level 9. HP: 69/70 MP: 10/10
  3485 | D:6      | Identified the +0 leather armour "Kegri" {Fly Will- Str+3
                  | Stlth+}
  3729 | D:6      | Glimpsed the power of Zot.
  3772 | D:7      | Reached skill level 14 in Maces & Flails
  4306 | D:7      | Reached *** piety under Okawaru
  4359 | D:7      | Reached skill level 15 in Maces & Flails
  4364 | D:7      | Glimpsed the power of Zot.
  4419 | D:7      | Glimpsed the power of Zot.
  4463 | D:7      | Glimpsed the power of Zot.
  4473 | D:7      | Touched by the power of Zot.
  4497 | D:8      | Reached XP level 10. HP: 49/54 MP: 11/11
  4540 | D:8      | Reached skill level 16 in Maces & Flails
  4675 | D:8      | Reached **** piety under Okawaru
  4727 | D:8      | Noticed Grum
  4735 | D:8      | Reached skill level 5 in Fighting
  4896 | D:9      | Paralysed by a hornet for 3 turns
  5325 | D:9      | Noticed a gargoyle
  5338 | D:9      | Killed a gargoyle
  5395 | D:9      | Reached ***** piety under Okawaru
  5539 | D:9      | Noticed a wizard
  5543 | D:9      | Killed a wizard
  5544 | D:9      | Reached skill level 17 in Maces & Flails
  5544 | D:9      | Reached XP level 11. HP: 92/95 MP: 12/12
  5555 | D:9      | Noticed a large abomination
  5555 | D:9      | Noticed a large abomination
  5567 | D:9      | Gained mutation: You are agile. (Dex +4, Str/Int -1)
                  | [potion of mutation]
  5567 | D:9      | Gained mutation: You are partially covered in iridescent
                  | scales. (AC +2) [potion of mutation]
  5608 | D:10     | Entered Level 10 of the Dungeon
  5614 | D:9      | HP: 4/95 [large abomination (20)]
  5614 | D:9      | Slain by a wraith

Illustrated notes

Levels and vault maps discovered:
D:1:      ebering_hopf_link, layout_rooms, hellmonk_ecumenical_altar_run_dry,
          st_stairs_11
D:2:      layout_rooms, serial_shops, shop, kennysheep_generic_room_4
D:3:      layout_loops_ring, nicolae_hepliaklqana_hippocampus,
          mainiacjoe_overflow_paths, lemuel_crystal_altar, minmay_circle_x
D:4:      layout_loops_corners, tgw_xom, minmay_temple_entry_crystal_x,
          serial_bayou, serial_bayou_pond_c, serial_bayou_pond_b,
          serial_bayou_lake_a, serial_bayou_shore_b
D:5:      layout_basic, nzn_overflow_gifts_of_might_and_magic,
          corexii_leaking_fountain
D:6:      layout_loops_ring
D:7:      layout_cave_pools, nicolae_overflow_hidden_temple, serial_gnoll_camp,
          gnoll_camp_mini_loothouse, gnoll_camp_mini_shop,
          gnoll_camp_mini_basic, gnoll_camp_mini_hut, gnoll_camp_mini_house
D:8:      layout_gridville, uniq_grum
D:9:      layout_small_grid, lair_entry_dummy, laboratory
D:10:     layout_roguey, marbit_many_paths, hangedman_decor_points,
          kennysheep_boxes
Temple:   eino_narrow_crystal_temple

Skill      XL: |  1  2  3  4  5  6  7  8  9 10 |
---------------+-------------------------------+-----
Maces & Flails | 3 4 5 6 7 8 10 13 15 17 | 17.1
Fighting       | 8 |  8.5
Armour         | |  3.6
Shields        | |  3.6

Action                   |  1- 3 |  4- 6 |  7- 9 | 10-12 || total
-------------------------+-------+-------+-------+-------++-------
Melee: Flail             |   108 |    51 |       |       ||   159
       Whip              |       |   131 |   199 |   101 ||   431
  Use: Potion            |       |       |       |    10 ||    10
       Scroll            |       |       |       |     3 ||     3
Armor: Scale mail        |    76 |    82 |    49 |    34 ||   241
Dodge: Dodged            |    40 |    52 |    62 |    33 ||   187
Block: Buckler           |    40 |    40 |    34 |    17 ||   131
